cohdb
Replays
Latest Replays
All Replays
Popular Replays
Top Player Replays
Match Explorer
How It Works
Community
CoH3 Stats
Reddit
Sign in to upload your games and track your stats! →
Sign in with Steam
Match 40948927
Unlisted
Match 40948927
Overview
Messages
Build Orders
End
Pioneer Squad
Construct Infanterie Kompanie
Selects Terror Battlegroup
Grenadier Squad
Grenadier Squad
MG 42 Machine Gun Team
Selects Machine Gun Camouflage
MG 42 Machine Gun Team
Selects Contempt for the Weak
Infanterie Officer Quarters
Construct Panzergrenadier Kompanie
Pak 40 Anti-tank Gun Team
Support Elements
StuG III G Assault Gun
Panzergrenadier Officer Quarters
Selects Defend the Fatherland
Pioneer Squad
Nebelwerfer 42 Rocket Launcher Team
Side Skirts
Panzergrenadier Squad
Medical Station
Panzergrenadier Squad
Selects King Tiger Heavy Tank
King Tiger Heavy Tank
.
KevinTDW
Lyte
Feetlover
0
0
Comments
sign in to comment!
No comments posted yet!